 Dungeon Crawl Stone Soup version 0.17.1-2-g5865329 (webtiles) character file.

366 Glider the Changer (level 6, -4/38 HPs)
             Began as an Octopode Transmuter on Jan 30, 2016.
             Was a Believer of Makhleb.
             Slain by an adder (5 damage)
             ... on level 4 of the Dungeon.
             The game lasted 00:17:56 (4449 turns).

Glider the Changer (Octopode Transmuter)            Turns: 4449, Time: 00:17:56

Health: -4/38      AC:  2    Str:  9    XL:     6   Next: 68%
Magic:  6/9        EV: 19    Int: 23    God:    Makhleb [**....]
Gold:   209        SH:  0    Dex: 17    Spells: 3 memorised, 3 levels left

rFire  . . .     SeeInvis .       - Unarmed
rCold  . . .     Clarity  .     (shield currently unavailable)
rNeg   . . .     SustAt   .     (helmet currently unavailable)
rPois  x         Gourm    .     j - amulet of resist corrosion
rElec  .         Spirit   .     s - ring of protection from magic
rCorr  +         Warding  .     (no ring)
rMut   .         Stasis   .     (no ring)
MR     +....                    (no ring)
Stlth  ++........               (no ring)
                                (no ring)
                                (no ring)
                                (no ring)

@: brilliant, lethally poisoned (-4 -> -7), spider-form (expiring), somewhat
resistant to hostile enchantments, unstealthy
A: almost no armour, amphibious, 8 rings, (constrict 8), (camouflage 0),
(gelatinous body 0)
a: End Transformation, Minor Destruction, Renounce Religion


You were on level 4 of the Dungeon.
You worshipped Makhleb.
Makhleb was pleased with you.
You were hungry.
You were a venomous arachnid creature.
You visited 1 branch of the dungeon, and saw 4 of its levels.

You collected 209 gold pieces.

Inventory:

Hand Weapons
 m - a +0 dagger of venom (melded)
Missiles
 a - 99 arrows
 n - 7 javelins of penetration (quivered)
Jewellery
 j - an amulet of resist corrosion (around neck)
 s - a ring of protection from magic (left front leg)
 u - an uncursed ring of fire
Wands
 t - a wand of frost (30)
Scrolls
 e - 5 scrolls of identify {unknown}
 g - 5 scrolls of remove curse {unknown}
 k - 2 scrolls of teleportation {unknown}
 p - a scroll of amnesia {unknown}
 r - a scroll of fear {unknown}
Potions
 d - a potion of brilliance
 f - 2 potions of invisibility {unknown}
 h - a potion of haste {unknown}
 i - 2 potions of mutation {unknown}
 w - a potion of poison {unknown}
Books
 b - a book of Changes

   Spells                             Type                      Level
   a - Beastly Appendage              Transmutation                1
   b - Sticks to Snakes               Transmutation                2
   c - Spider Form                    Transmutation/Poison         3
   d - Ice Form                       Ice/Transmutation            4
   e - Blade Hands                    Transmutation                5
Comestibles
 c - 4 bread rations
 l - 2 fruits
 o - a beef jerky
 q - 2 meat rations


   Skills:
 - Level 1.0 Fighting
 - Level 2.0 Dodging
 - Level 2.0 Stealth
 - Level 3.0 Unarmed Combat
 * Level 2.2 Spellcasting
 * Level 5.9 Transmutations
 - Level 3.1 Poison Magic


You had 3 spell levels left.
You knew the following spells:

 Your Spells              Type           Power        Failure   Level  Hunger
a - Beastly Appendage     Trmt           #####.       1%          1    None
b - Sticks to Snakes      Trmt           #####.....   1%          2    ##.....
c - Spider Form           Trmt/Pois      #####.....   2%          3    ###....


Dungeon Overview and Level Annotations

Branches:
Dungeon (4/15)
 Temple: D:4-7

Altars:
Makhleb
Vehumet

Annotations:
D:4 Grinder


Innate Abilities, Weirdness & Mutations

You cannot wear most types of armour.
You are amphibious.
You can wear up to eight rings at the same time.
((You can use your tentacles to constrict eight enemies at once.))
((Your skin changes colour to match your surroundings (Stealth).))
((Your rubbery body absorbs attacks (AC +1).))


Message History

You are poisoned.
The adder poisons you!
You feel sick.
You bite the ogre!
The ogre is poisoned.
The ogre is moderately wounded.
The ogre hits you with a giant club!!
You hit the ogre.
The ogre looks even sicker.
The ogre is moderately wounded.
Your transformation is almost over.
You feel sick.
You hit the ogre.
The ogre is severely wounded.
The adder misses you. The ogre hits you with a giant club!
* * * LOW HITPOINT WARNING * * *
Drink which item? (? for menu, Esc to quit)
It was a potion of brilliance.
You feel clever all of a sudden.
* * * LOW HITPOINT WARNING * * *
You feel sick. The adder bites you.
You die...

.............#
#............#
#)...........#######
....................
#...........##############
##.#.###.#.#######........
#..................
###......#.........
#......sSa..!.... #. .##
#......#O........ ##.#..##
#......#.........
........##......#.........
.#....#.#########.........
.#....#.##### #.........
.#.#..#(....# ..........
.#.#........# #.........
.#..........# ..........


You could see an ogre, a worker ant and an adder.

Vanquished Creatures
  Blork the orc (D:4)
  A giant frog (D:3)
  Natasha (D:3)
  A hound skeleton (D:4)
  5 adders
  4 gnolls (D:2)
  2 oozes
  An adder skeleton (D:4)
  4 worms
  3 giant geckos
  5 orcs (D:3)
  3 giant cockroaches
  14 hobgoblins
  2 jackals (D:3)
  14 kobolds
  A ball python (D:2)
  7 bats
  A giant newt (D:1)
  8 goblins
  A jackal skeleton (D:4)
  A quokka (D:3)
  10 rats
90 creatures vanquished.

Notes
Turn   | Place    | Note
--------------------------------------------------------------
     0 | D:1      | Glider the Octopode Transmuter began the quest for the Orb.
     0 | D:1      | Reached XP level 1. HP: 13/13 MP: 3/3
    25 | D:1      | Reached skill level 1 in Stealth
   171 | D:1      | Reached XP level 2. HP: 8/18 MP: 5/5
   179 | D:1      | Learned a level 2 spell: Sticks to Snakes
   718 | D:1      | Reached XP level 3. HP: 19/23 MP: 6/6
   723 | D:1      | Learned a level 3 spell: Spider Form
  1073 | D:2      | Reached skill level 1 in Poison Magic
  1120 | D:2      | Found a burning altar of Makhleb.
  1120 | D:2      | Noticed a blizzard demon
  1123 | D:2      | Noticed a ynoxinul
  1123 | D:2      | Noticed an orange demon
  1125 | D:2      | Became a worshipper of Makhleb the Destroyer
  2013 | D:1      | Reached XP level 4. HP: 28/28 MP: 5/7
  2572 | D:2      | Reached * piety under Makhleb
  2774 | D:2      | Reached skill level 4 in Transmutations
  2774 | D:2      | Reached XP level 5. HP: 17/33 MP: 4/8
  3558 | D:3      | Reached ** piety under Makhleb
  3605 | D:3      | Found a radiant altar of Vehumet.
  3749 | D:3      | Reached skill level 5 in Transmutations
  3749 | D:3      | Reached XP level 6. HP: 38/38 MP: 6/9
  3848 | D:3      | Noticed Natasha
  3857 | D:3      | Killed Natasha
  4048 | D:4      | Noticed Blork the orc
  4058 | D:4      | Killed Blork the orc
  4233 | D:4      | Noticed Grinder
  4449 | D:4      | HP: 1/38 [poisoned by an adder]
  4449 | D:4      | Slain by an adder

Action                   |  1- 3 |  4- 6 || total
-------------------------+-------+-------++-------
Melee: Unarmed           |    79 |    57 ||   136
       Dagger            |    13 |   100 ||   113
Throw: Javelin           |       |     3 ||     3
 Cast: Beastly Appendage |     6 |     5 ||    11
       Spider Form       |       |     8 ||     8
       Sticks to Snakes  |       |     2 ||     2
  Use: Potion            |       |     1 ||     1
 Stab: Sleeping          |    13 |     7 ||    20
  Eat: Chunk             |     3 |     9 ||    12
